 Dungeon Crawl Stone Soup version 0.21-a0-632-g1e37ce5188 (console) character file.

4357 Harunobu the Grappler (level 10, -4/92 HPs)
             Began as a Troll Monk on Dec 27, 2017.
             Slain by a killer bee (7 damage)
             ... on level 8 of the Dungeon.
             The game lasted 00:13:23 (6674 turns).

Harunobu the Grappler (Troll Monk)                  Turns: 6674, Time: 00:13:25

Health: -4/92      AC:  6    Str: 21    XL:     10   Next: 12%
Magic:  9/9        EV: 13    Int:  6    God:
Gold:   282        SH:  0    Dex: 15    Spells: 9/9 levels left

rFire    + . .     SeeInvis .     - Unarmed
rCold    . . .     Gourm    +   (no shield)
rNeg     . . .     Faith    .   a - +0 robe
rPois    .         Spirit   .   (helmet restricted)
rElec    .         Reflect  .   G - +0 cloak {MR+}
rCorr    .         Harm     .   (gloves unavailable)
MR       +....     Clarity  +   (boots unavailable)
Stlth    +++.......             (no amulet)
HPRegen  0.65/turn              i - ring of protection from cold
MPRegen  0.11/turn              E - ring of fire

@: lethally poisoned (-4 -> -8)
A: large, unfitting armour, claws 3, thin skeletal structure 1, clarity, fast
metabolism 3, gourmand, regeneration 1, shaggy fur 1, tough skin 2, weak 1
a: no special abilities


You were on level 8 of the Dungeon.
You were very full.

You visited 2 branches of the dungeon, and saw 9 of its levels.

You collected 474 gold pieces.
You spent 192 gold pieces at shops.

Inventory:

Hand Weapons
 s - a +0 whip of flaming
Armour
 a - a +0 robe (worn)
 G - a +0 cloak of magic resistance (worn)
Jewellery
 i - a ring of protection from cold (left claw)
 E - a ring of fire (right claw)
Wands
 o - a wand of iceblast (8)
 z - a wand of polymorph (9)
Scrolls
 c - 3 scrolls of magic mapping {unknown}
 e - 11 scrolls of identify {unknown}
 h - 2 scrolls of random uselessness {unknown}
 k - a scroll of enchant armour {unknown}
 l - 2 scrolls of fear {unknown}
 m - 9 scrolls of teleportation {unknown}
 n - a scroll of fog {unknown}
 p - a scroll of blinking {unknown}
 r - 3 scrolls of noise {unknown}
 t - 2 scrolls of remove curse {unknown}
 w - a scroll of amnesia {unknown}
 y - a scroll of enchant weapon {unknown}
Potions
 f - a potion of ambrosia {unknown}
 g - 3 potions of might {unknown}
 j - 2 potions of lignification {unknown}
 q - a potion of haste
 u - a potion of degeneration {unknown}
 A - a potion of brilliance {unknown}
 B - a potion of magic {unknown}
 D - 4 potions of flight {unknown}
Books
 v - a book of Debilitation

   Spells                             Type                      Level
   a - Corona                         Hexes                        1
   b - Slow                           Hexes                        2
   c - Inner Flame                    Hexes/Fire                   3
   d - Portal Projectile              Hexes/Translocation          3
   e - Cause Fear                     Hexes                        4
   f - Leda's Liquefaction            Hexes/Earth                  4
 x - An Introduction to Hermeneutics
   (You found it on level 6 of the Dungeon)

   Spells                             Type                      Level
   a - Sting                          Conjuration/Poison           1
   b - Corona                         Hexes                        1
   c - Animate Skeleton               Necromancy                   1
   d - Summon Small Mammal            Summoning                    1
   e - Beastly Appendage              Transmutation                1
Comestibles
 b - 12 rations


   Skills:
 + Level 3.9 Fighting
 + Level 5.6 Dodging
 + Level 3.7 Stealth
 + Level 11.8 Unarmed Combat


You had 9 spell levels left.
You didn't know any spells.

Dungeon Overview and Level Annotations

Branches:
Dungeon (8/15)             Temple (1/1) D:4
   Lair: D:8-11

Altars:
Ashenzari
Cheibriados
Dithmenos
Elyvilon
Fedhas
Gozag
Hepliaklqana
Kikubaaqudgha
Makhleb
Nemelex Xobeh
Okawaru
Qazlal
Ru
Sif Muna
Trog
Uskayaw
Vehumet
Wu Jian
Xom
Yredelemnul
Zin
The Shining One

Shops:
D:5 }   D:7 !

Annotations:
D:6 Harunobu's ghost, novice TrMo


Innate Abilities, Weirdness & Mutations

You are too large for most types of armour.
You have claws for hands.
Your metabolism is lightning-fast.
You like to eat raw meat.
Your natural rate of healing is unusually fast.
You are covered in fur. (AC +1)
You have very tough skin. (AC +2)
You have a somewhat thin skeletal structure. (Dex +2, Stealth)
You possess an exceptional clarity of mind.
You are weak. (Str -2)


Message History

* * * LOW HITPOINT WARNING * * *
The killer bee stings you.
* * * LOW HITPOINT WARNING * * *
You are poisoned.
The killer bee poisons you! The killer bee barely misses you.
The killer bee closely misses you. The killer bee stings you.
* * * LOW HITPOINT WARNING * * *
You are lethally poisoned!
The killer bee poisons you! The killer bee closely misses you.
* * * LOW HITPOINT WARNING * * *
You feel sick. The killer bee closely misses you. The killer bee misses you.
The killer bee closely misses you.
The killer bee stings you but does no damage.
You claw the killer bee! You claw the killer bee.
You kill the killer bee!
* * * LOW HITPOINT WARNING * * *
You feel sick. The killer bee closely misses you. x2
The killer bee barely misses you. The killer bee closely misses you.
The killer bee misses you. The killer bee stings you!
You die...

#.........# #.........#
#...<.....#####
###'######.....#
#........#.....# ..
#......(.#.....# ....
+#####...###.#.....#+###....
.....#...###)###.y...[.....#
.....#....#....'@yS........#
.....#....#....#yy.........#
...
.....#)...#....#y..........#...
.....#....#....#...........+..
..<..#'#########...........#.#
######.##.####
##......#####.####
.............#
#......#.........
..[..........#
#......†....y....
.............#
#......#.....####


You could see 5 killer bees and an adder.

Vanquished Creatures
  The ghost of glacial the Geomancer, a novice GrEE of Vehumet (D:8)
  Pikel (D:4)
  Maurice (D:8)
  Joseph (D:7)
  A queen bee (D:8)
  Grinder (D:6)
  Eustachio (D:6)
  An orc warrior (D:7)
  An ice beast (D:6)
  A sky beast (D:7)
  4 ogres
  A necrophage (D:7)
  A centaur (D:8)
  Blork the orc (D:6)
  3 bullfrogs
  2 scorpions
  4 killer bees (D:8)
  4 howler monkeys
  5 orc priests
  2 jellies
  An iguana (D:4)
  6 orc wizards
  3 worker ants
  A hound skeleton (D:6)
  A gnoll (D:1)
  4 adders
  A shadow imp (D:6)
  2 oozes (D:2)
  3 adder skeletons
  2 worms
  6 dart slugs
  3 leopard geckos
  20 orcs
  4 ball pythons
  6 bats
  6 giant cockroaches
  9 goblins
  6 hobgoblins
  3 jackals (D:2)
  3 quokkas
  10 frilled lizards
  6 kobolds
  A quokka skeleton (D:7)
  13 rats
157 creatures vanquished.

Vanquished Creatures (others)
  A butterfly (D:4)
1 creature vanquished.

Grand Total: 158 creatures vanquished

Notes
Turn   | Place    | Note
-------+----------+-------------------------------------------
     0 | D:1      | Harunobu the Troll Monk began the quest for the Orb.
     0 | D:1      | Reached XP level 1. HP: 22/22 MP: 0/0
   111 | D:1      | Reached XP level 2. HP: 29/29 MP: 1/1
   495 | D:1      | Reached XP level 3. HP: 33/36 MP: 2/2
  1206 | D:2      | Reached XP level 4. HP: 44/44 MP: 3/3
  1474 | D:2      | Reached skill level 4 in Unarmed Combat
  1909 | D:3      | Reached XP level 5. HP: 45/52 MP: 4/4
  2228 | D:3      | Reached skill level 5 in Unarmed Combat
  2634 | D:4      | Noticed an ogre
  2641 | D:4      | Killed an ogre
  2641 | D:4      | Reached XP level 6. HP: 61/61 MP: 5/5
  2799 | D:4      | Found a basalt altar of Yredelemnul.
  2807 | D:4      | Reached skill level 6 in Unarmed Combat
  2807 | D:4      | Reached XP level 7. HP: 67/67 MP: 6/6
  2910 | D:4      | Found a staircase to the Ecumenical Temple.
  2919 | Temple   | Entered the Ecumenical Temple
  3102 | D:4      | Noticed Pikel
  3122 | D:4      | Killed Pikel
  3122 | D:4      | Reached skill level 7 in Unarmed Combat
  3122 | D:4      | Reached XP level 8. HP: 55/75 MP: 7/7
  3215 | D:4      | Found a blossoming altar of Fedhas.
  3527 | D:4      | Found a sparkling altar of Nemelex Xobeh.
  3664 | D:5      | Entered Level 5 of the Dungeon
  3714 | D:5      | Reached skill level 8 in Unarmed Combat
  4194 | D:5      | Found Cemyrph's Gadget Shoppe.
  4705 | D:6      | Noticed Eustachio
  4707 | D:6      | Noticed Harunobu's ghost (novice TrMo)
  4781 | D:6      | Identified An Introduction to Hermeneutics
  4845 | D:6      | Noticed Grinder
  4853 | D:6      | Killed Grinder
  4853 | D:6      | Reached skill level 9 in Unarmed Combat
  4959 | D:6      | Noticed Blork the orc
  4969 | D:6      | Killed Blork the orc
  5200 | D:6      | Found an opulent altar of Gozag.
  5214 | D:6      | Killed Eustachio
  5214 | D:6      | Reached XP level 9. HP: 83/83 MP: 8/8
  5389 | D:7      | Noticed Joseph
  5394 | D:7      | Reached skill level 5 in Dodging
  5401 | D:7      | Killed Joseph
  5401 | D:7      | Reached skill level 10 in Unarmed Combat
  5729 | D:7      | Found an ornate altar of the Wu Jian Council.
  6187 | D:7      | Found Corug's Distillery.
  6190 | D:7      | Bought a potion of curing for 36 gold pieces
  6190 | D:7      | Bought a potion of heal wounds for 60 gold pieces
  6190 | D:7      | Bought a potion of mutation for 96 gold pieces
  6190 | D:7      | Gained mutation: You possess an exceptional clarity of mind. [potion of mutation]
  6190 | D:7      | Gained mutation: You are weak. (Str -2) [potion of mutation]
  6190 | D:7      | Gained mutation: You have a somewhat thin skeletal structure. (Dex +2, Stealth) [potion of mutation]
  6313 | D:7      | Found a glowing silver altar of Zin.
  6463 | D:8      | Noticed Maurice
  6469 | D:8      | Killed Maurice
  6469 | D:8      | Reached skill level 11 in Unarmed Combat
  6508 | D:8      | Noticed glacial's ghost (novice GrEE)
  6535 | D:8      | Killed glacial's ghost
  6535 | D:8      | Reached XP level 10. HP: 42/90 MP: 9/9
  6652 | D:8      | HP: 4/90 [killer bee (9)]
  6662 | D:8      | HP: 3/92 [killer bee (15)]
  6673 | D:8      | HP: 3/92 [poisoned by a killer bee]
  6674 | D:8      | Slain by a killer bee

Vault maps used:
D:1:      kilobyte_arrival_exit_the_forest, minmay_pentomino_w4
D:2:      first_ration
D:3:      hangedman_abyss_or_decor_stabs
D:4:      nicolae_overflow_crystal_walls, kennysheep_mini_moat,
          nemelex_xobeh_ov_fountains_minmay, minmay_temple_entry_butterflies,
          nicolae_ossuary_entry_ruins, uniq_pikel
D:5:      serial_shops, shop
D:6:      nicolae_gozag_cash_rules_everything_around_me, uniq_grinder,
          uniq_blork_the_orc, uniq_eustachio
D:7:      lemuel_crystal_altar, lemuel_coloured_pillars_altar, serial_shops,
          kennysheep_mini, uniq_joseph
D:8:      david_nohive_1, uniq_maurice
Temple:   regret_index_temple_sphere_string

Skill      XL: |  1  2  3  4  5  6  7  8  9 |
---------------+----------------------------+-----
Dodging        | 3 4 5 |  5.6
Unarmed Combat | 4 5 6 7 9 11 | 11.8
Fighting       | 3 |  3.9
Stealth        | 2 3 |  3.7

Action                   |  1- 3 |  4- 6 |  7- 9 | 10-12 || total
-------------------------+-------+-------+-------+-------++-------
Melee: Unarmed           |    99 |   139 |   214 |    19 ||   471
       Punch             |       |     4 |     6 |     2 ||    12
  Use: Potion            |       |       |     1 |     5 ||     6
 Stab: Sleeping          |     2 |     4 |     4 |     1 ||    11
       Distracted        |       |       |     2 |       ||     2
  Eat: Chunk             |    17 |    14 |    34 |       ||    65
Armor: Robe              |    41 |    35 |    33 |     9 ||   118
Dodge: Dodged            |    48 |    57 |    97 |    60 ||   262

Table legend:
 A = Spawn XP
 B = Non-spawn XP
 C = Spawn XP percentage of total XP
 D = Spawn monster count
 E = Non-spawn monster count
 F = Spawn count percentage of total count
 G = Total turns spent on level
                    A         B        C        D         E        F      G
               +---------+---------+-------+---------+---------+-------+---------
         Total |       0 |    6225 |   0.0 |       0 |     157 |   0.0 |  6674
               +---------+---------+-------+---------+---------+-------+---------
           D:1 |       0 |      80 |   0.0 |       0 |      35 |   0.0 |  1103
           D:2 |       0 |      57 |   0.0 |       0 |      24 |   0.0 |   647
           D:3 |       0 |     219 |   0.0 |       0 |      29 |   0.0 |   849
           D:4 |       0 |    1195 |   0.0 |       0 |      15 |   0.0 |   896
           D:5 |       0 |     275 |   0.0 |       0 |       9 |   0.0 |   803
           D:6 |       0 |    1007 |   0.0 |       0 |      13 |   0.0 |   920
           D:7 |       0 |    1410 |   0.0 |       0 |      23 |   0.0 |  1043
           D:8 |       0 |    1982 |   0.0 |       0 |       9 |   0.0 |   242
               +---------+---------+-------+---------+---------+-------+---------
